cohdb
Replays
Latest Replays
All Replays
Popular Replays
Top Player Replays
Match Explorer
How It Works
Community
CoH3 Stats
Reddit
Sign in to upload your games and track your stats! →
Sign in with Steam
Match 40560507
Unlisted
Match 40560507
Overview
Messages
Build Orders
End
Royal Engineer Section
Selects Canadian Shock Battlegroup
Vickers Machine Gun Team
Construct Section Command Post
Dingo Light Scout Car
Construct Platoon Command Post
Selects Offensive Resupply
Selects Canadian Shock Section
Canadian Shock Section
Canadian Shock Section
6-pounder Anti-tank Gun Team
Construct Field Infirmary
Construct Company Command Post
Royal Engineer Section
Selects Incendiary Munitions
Selects Pyrotechnics
Crusader II Medium Tank
Crusader II Medium Tank
Crusader II Medium Tank
SturmTigerGoat
TURTLE LEONID
Saueee
GEORGE LITTLEHOOF
0
0
Comments
sign in to comment!
No comments posted yet!